 Dungeon Crawl Stone Soup version 0.26-a0-466-g989023bd0d (webtiles) character file.

Game seed: 3941626166346619219

3311 night the Geomancer (level 9, -2/39 HPs)
             Began as a Spriggan Earth Elementalist on Aug 13, 2020.
             Killed from afar by Maggie (9 damage)
             ... with a bolt of fire
             ... on level 7 of the Dungeon.
             The game lasted 00:26:23 (9400 turns).

night the Geomancer (Spriggan Earth Elementalist)   Turns: 9400, Time: 00:26:23

Health: -2/39      AC:  4    Str:  4    XL:     9   Next: 70%
Magic:  15/23      EV: 18    Int: 20    God:
Gold:   280        SH:  0    Dex: 16    Spells: 14/27 levels left

rFire    . . .     SeeInvis +   B - +2 short sword (venom)
rCold    . . .     Faith    .   (shield restricted)
rNeg     . . .     Spirit   .   c - +0 robe
rPois    .         Reflect  .   (helmet restricted)
rElec    .         Harm     .   d - +1 cloak
rCorr    +                      (gloves unavailable)
MR       +....                  (boots unavailable)
Stlth    ++........             (no amulet)
HPRegen  0.13/turn              e - ring of resist corrosion
MPRegen  0.18/turn              r - ring of see invisible

@: very quick
A: very small, unfitting armour, see invisible, speed 3
a: no special abilities


You were on level 7 of the Dungeon.
You visited 1 branch of the dungeon, and saw 8 of its levels.

You collected 280 gold pieces.

Inventory:

Hand Weapons
 k - a +1 dagger
 o - a +3 hand axe of draining
 B - a +2 short sword of venom (weapon)
Missiles
 b - 320 stones
 m - 13 poisoned darts (quivered)
 n - a throwing net
 w - 5 boomerangs
Armour
 c - a +0 robe (worn)
 d - a +1 cloak (worn)
Jewellery
 e - a ring of resist corrosion (left hand)
 r - a ring of see invisible (right hand)
 t - an uncursed amulet of faith {unknown}
Wands
 a - a wand of digging (1)
 q - a wand of paralysis (5)
 v - a wand of acid (12)
Scrolls
 h - 6 scrolls of identify
 l - 8 scrolls of teleportation
 u - 2 scrolls of remove curse
 x - 2 scrolls of random uselessness {unknown}
 y - a scroll of enchant armour {unknown}
Potions
 f - 2 potions of heal wounds {unknown}
 g - 2 potions of haste {unknown}
 i - 4 potions of flight {unknown}
 j - a potion of might {unknown}
 p - 2 potions of curing {unknown}
 s - a potion of berserk rage {unknown}
 z - a potion of lignification {unknown}
 A - a potion of stabbing {unknown}


   Skills:
 - Level 3.0 Dodging
 - Level 3.0 Stealth
 + Level 9.9 Spellcasting
 - Level 1.3 Transmutations
 * Level 10.6 Earth Magic


You had 14 spell levels left.
You knew the following spells:

 Your Spells              Type           Power        Failure   Level
a - Sandblast             Erth           ######       1%          1
b - Stone Arrow           Conj/Erth      ####..       2%          3
c - Petrify               Tmut/Erth      ####....     6%          4
d - Lee's Rapid Deconstr  Erth           ######....   2%          5

Your spell library contained the following spells:

 Spells                   Type           Power        Failure   Level
 Passwall                 Tmut/Erth      ####....     1%          2
 Summon Small Mammal      Summ           #...         7%          1
 Call Imp                 Summ           #.......     11%         2
 Call Canine Familiar     Summ           #.......     22%         3
 Confusing Touch          Hex            #.......     22%         3
 Gell's Gravitas          Tloc           #.........   22%         3
 Summon Guardian Golem    Hex/Summ       #.......     22%         3
 Summon Ice Beast         Ice/Summ       #.......     56%         4
 Summon Lightning Spire   Summ/Air       #.......     56%         4
 Yara's Violent Unravell  Hex/Tmut       ##........   83%         5
 Metabolic Englaciation   Hex/Ice        #.........   89%         5


Dungeon Overview and Level Annotations

Branches:
Dungeon (8/15)             Temple (0/1) D:7            Lair (0/6) D:8

Altars:
Elyvilon
Qazlal

Annotations:
D:7 3 runed translucent doors, Maggie, Pikel
D:8 Grum


Innate Abilities, Weirdness & Mutations

You are very small and have problems with some larger weapons.
You are too small for most types of armour.
You have supernaturally acute eyesight. (SInv)
You cover ground extremely quickly.


Message History

Casting: Stone Arrow (dangerous; 2% risk of failure)
Confirm with . or Enter, or press ? or * to list all spells.
Aiming: Stone Arrow (dangerous; 2% risk of failure)
Press: ? - help, Shift-Dir - straight line, f/p - Maggie
Aim: Maggie, wielding a +2 morningstar of distortion, wearing +0 acid dragon scales and carrying a wand of acid (6) (moderately wounded)
The stone arrow hits Maggie!
Maggie is heavily wounded.
You hit Maggie.
Maggie is poisoned.
Maggie is heavily wounded.
Maggie misses you.
You hit Maggie.
Maggie is heavily wounded.
Maggie gestures at you while chanting. The bolt of fire hits you!
* * * LOW HITPOINT WARNING * * *
You hit Maggie but do no damage.
Maggie is heavily wounded.
Maggie casts a spell at you. The bolt of fire hits you!
You die...

##....####..<..
#......[......@
#..............
#..............
#######.............
#.....(..###+++###..
#...#(..##.......##.
#...#@..#.........##
#..@#..##..........
#..@#..#...####....#
#...#.##..## ##
#.....#..#
#####.#..# #.#..#
#.##..# #.. .... ##.
...#


You could see Maggie (poisoned).

Vanquished Creatures
  A two-headed ogre (D:8)
  Menkaure (D:7)
  A sky beast (D:6)
  An orc warrior (D:6)
  2 black bears (D:6)
  2 ogres (D:4)
  A phantom (D:4)
  A centaur (D:8)
  3 lemures
  2 bullfrogs
  2 scorpions (D:8)
  9 killer bees (D:8)
  A howler monkey (D:6)
  A centaur skeleton (D:8)
  3 hounds
  A bullfrog zombie (D:5)
  A jelly (D:8)
  3 bullfrog skeletons
  5 orc priests
  7 orc wizards
  4 iguanas
  Terence (D:3)
  7 worker ants
  3 hound skeletons
  A worker ant zombie (D:5)
  9 adders
  6 gnolls
  3 shadow imps
  A white imp (D:6)
  An ufetubus (D:6)
  An ooze (D:5)
  3 adder zombies (D:5)
  2 adder skeletons
  2 worms
  2 dart slugs (D:2)
  A leopard gecko (D:6)
  15 orcs
  3 giant cockroaches
  6 goblins
  7 hobgoblins
  7 jackals
  2 quokkas
  2 ball pythons
  5 bats
  7 frilled lizards
  A jackal skeleton (D:4)
  3 kobolds
  A quokka skeleton (D:4)
  5 rats
  A plant (D:8)
160 creatures vanquished.

Notes
Turn   | Place    | Note
-------+----------+-------------------------------------------
     0 | D:1      | night the Spriggan Earth Elementalist began the quest for
                  | the Orb.
     0 | D:1      | Reached XP level 1. HP: 9/9 MP: 5/5
   413 | D:1      | Reached skill level 3 in Earth Magic
   536 | D:1      | Reached XP level 2. HP: 13/13 MP: 5/7
  1072 | D:2      | Reached XP level 3. HP: 16/16 MP: 6/8
  1077 | D:2      | Learned a level 3 spell: Stone Arrow
  1097 | D:2      | Found a white marble altar of Elyvilon.
  1365 | D:2      | Reached skill level 4 in Earth Magic
  1463 | D:2      | Reached XP level 4. HP: 21/21 MP: 6/10
  1564 | D:2      | Found a stormy altar of Qazlal.
  2023 | D:3      | Learned a level 4 spell: Petrify
  2348 | D:3      | Noticed Terence
  2351 | D:3      | Killed Terence
  2351 | D:3      | Reached XP level 5. HP: 24/24 MP: 4/12
  2755 | D:3      | Reached skill level 5 in Earth Magic
  3234 | D:4      | Reached skill level 5 in Spellcasting
  3234 | D:4      | Reached XP level 6. HP: 22/28 MP: 12/14
  3910 | D:4      | Reached skill level 6 in Earth Magic
  3910 | D:4      | Reached XP level 7. HP: 27/32 MP: 6/16
  4299 | D:4      | Learned a level 5 spell: Lee's Rapid Deconstruction
  4967 | D:5      | Entered Level 5 of the Dungeon
  5052 | D:5      | Reached skill level 7 in Earth Magic
  5590 | D:5      | Reached XP level 8. HP: 36/36 MP: 13/19
  6548 | D:6      | Reached skill level 8 in Earth Magic
  7122 | D:6      | Found a stormy altar of Qazlal.
  7139 | D:6      | You fall into a shaft and drop 2 floors!
  7389 | D:8      | Reached skill level 9 in Earth Magic
  7728 | D:8      | Noticed a two-headed ogre
  7845 | D:8      | Killed a two-headed ogre
  7845 | D:8      | Reached XP level 9. HP: 13/39 MP: 1/23
  8117 | D:8      | Reached skill level 10 in Earth Magic
  8506 | D:7      | Noticed Menkaure
  8509 | D:7      | Killed Menkaure
  8567 | D:7      | Noticed Pikel
  8787 | D:8      | Found a staircase to the Lair.
  9032 | D:8      | Noticed Grum
  9304 | D:7      | Found a runed translucent gate.
  9304 | D:7      | Found a runed translucent gate.
  9304 | D:7      | Found a runed translucent gate.
  9338 | D:7      | Found a staircase to the Ecumenical Temple.
  9338 | D:7      | Noticed Maggie
  9400 | D:7      | Killed from afar by Maggie

Illustrated notes

Levels and vault maps discovered:
D:1:      sevenhm_arrival_forest_fort_large_4, layout_basic, minmay_pentomino_p2
D:2:      layout_loops_ring, lemuel_coloured_pillars_altar, elyvilon_altar_3
D:3:      layout_loops_ring, uniq_terence
D:4:      layout_layer_cave, kennysheep_generic_room_6
D:5:      layout_basic
D:6:      layout_loops_ring, grunt_qazlal_sundering
D:7:      layout_gridville, minmay_temple_entry_mini_moons, serial_shops,
          shop_statue, gammafunk_ghost_icy, okawaru_trees_1, uniq_menkaure,
          uniq_pikel, uniq_maggie
D:8:      layout_rooms, dpeg_oklobed_lair, uniq_grum

Skill      XL: |  1  2  3  4  5  6  7  8  9 |
---------------+----------------------------+-----
Earth Magic    | 3 4 5 6 7 9 10 | 10.6
Spellcasting   | 3 4 5 6 9 |  9.9
Dodging        | |  3.0
Stealth        | |  3.0
Transmutations | |  1.3

Action                   |  1- 3 |  4- 6 |  7- 9 || total
-------------------------+-------+-------+-------++-------
Melee: Dagger            |    29 |    38 |       ||    67
       Hand axe          |       |    54 |   153 ||   207
       Short sword       |       |       |    41 ||    41
Throw: Dart              |     6 |       |    21 ||    27
       Stone             |     1 |       |       ||     1
 Cast: Sandblast         |    33 |    47 |    36 ||   116
       Stone Arrow       |       |    10 |    69 ||    79
       Lee's Rapid Decon |       |       |    15 ||    15
Evoke: Wand              |       |       |     3 ||     3
  Use: Scroll            |       |     7 |       ||     7
 Stab: Sleeping          |     2 |     3 |     4 ||     9
Armor: Robe              |     4 |    23 |    32 ||    59
Dodge: Dodged            |    52 |    95 |   205 ||   352

Table legend: (Time is in decaauts)
 A = Elapsed time spent in this place.
 B = Non-inter-level travel time spent in this place.
 C = Inter-level travel time spent in this place.
 D = Time resting spent in this place.
 E = Time spent auto-exploring this place.
 F = Levels seen in this place.
 G = Mean time per level.
                   A        B        C        D        E       F      G
               +--------+--------+--------+--------+--------+-----+--------+
         Total |   7790 |   7638 |    152 |   3609 |   2654 |   8 |  973.8 |
       Dungeon |   7790 |   7638 |    152 |   3609 |   2654 |   8 |  973.8 |
               +--------+--------+--------+--------+--------+-----+--------+

Top non-repeatable levels by time:
     D:8: 1672 daAuts
     D:4: 1479 daAuts
     D:5: 1177 daAuts
     D:3: 946 daAuts
     D:2: 902 daAuts
     D:6: 658 daAuts
     D:1: 579 daAuts
     D:7: 373 daAuts
